 Dungeon Crawl Stone Soup version 0.31-a0-865-g3d5d91748a (webtiles) character file.

Game seed: 5865945377537068147

25 wvc the Digger (level 3, -4/19 HPs)
             Began as a Gargoyle Earth Elementalist on Oct 10, 2023.
             Slain by Terence
             ... wielding a +0 flail
              (11 damage)
             ... on level 1 of the Dungeon.
             The game lasted 00:02:04 (732 turns).

wvc the Digger (Gargoyle Earth Elementalist)         Turns: 732, Time: 00:02:04

Health: -4/19      AC:  5    Str: 11    XL:     3   Next: 6%
Magic:  4/6        EV: 11    Int: 17    God:
Gold:   32         SH:  0    Dex: 10    Spells: 5/6 levels left

rFire   . . .        c - +0 dagger (vamp)
rCold   . . .        (no shield)
rNeg    + . .        a - +0 robe
rPois   ∞            (no helmet)
rElec   +            (no cloak)
rCorr   .            (no gloves)
SInv    .            (no boots)
Will    .....        (no amulet)
Stlth   ++           (no ring)
HPRegen 0.23/turn    (no ring)
MPRegen 0.10/turn

%: no passive effects
@: no status effects
A: sickness immunity, AC +3, negative energy resistance 1, electricity
resistance, torment resistance 1, petrification resistance
a: no special abilities


You were on level 1 of the Dungeon.
You visited 1 branch of the dungeon, and saw 2 of its levels.

You collected 32 gold pieces.

Inventory:

Hand Weapons
 c - a +0 vampiric dagger (weapon)
Missiles
 d - a throwing net
Armour
 a - a +0 robe (worn)
Scrolls
 e - 5 scrolls of identify {unknown}
 g - a scroll of enchant weapon {unknown}
Potions
 b - a potion of magic
 f - a potion of enlightenment {unknown}
 h - 2 potions of haste {unknown}


   Skills:
 - Level 1.5 Dodging
 - Level 2.1 Stealth
 + Level 2.2 Spellcasting
 - Level 0.7 Transmutations
 * Level 4.8 Earth Magic


You had 5 spell levels left.
You knew the following spells:

 Your Spells              Type           Power      Damage    Failure   Level
a - Sandblast             Erth           36%        2d10      2%          1

Your spell library contained the following spells:

 Spells                   Type           Power      Damage    Failure   Level
 Passwall                 Tmut/Erth      9%         N/A       10%         2
 Apportation              Tloc           2%         N/A       19%         1
 Stone Arrow              Conj/Erth      20%        3d8       22%         3
 Blink                    Tloc           2%         N/A       28%         2
 Volatile Blastmotes      Fire/Tloc      2%         2d10      50%         3
 Petrify                  Tmut/Erth      11%        N/A       52%         4
 Brom's Barrelling Bould  Conj/Erth      10%        2d3       56%         4
 Sticky Flame             Conj/Fire      1%         2d3       88%         4
 Fireball                 Conj/Fire      0%         3d3       99%         5


Dungeon Overview and Level Annotations

Branches:
Dungeon (2/15)

Altars:

Annotations:
D:1 Terence


Innate Abilities, Weirdness & Mutations

You are immune to sickness and miasma.
Your stone body is resilient. (AC +3)
You are immune to poison.
You resist negative energy. (rN+)
You are resistant to electric shocks. (rElec)
You are resistant to unholy torment.
You are immune to petrification.


Message History

Found a stone staircase leading down.
Terence shouts!
Aiming: Sandblast (safe; 2% risk of failure)
Press: ? - help, Q - select action, (/) - cycle Shift-Dir - straight line, f - Terence
Aim: Terence, wielding a +0 flail and wearing a +0 scale mail (84% to hit)
The blast of sand hits Terence but does no damage.
Aiming: Sandblast (safe; 2% risk of failure)
Press: ? - help, Q - select action, (/) - cycle Shift-Dir - straight line, f/p - Terence
Aim: Terence, wielding a +0 flail and wearing a +0 scale mail (84% to hit)
The blast of sand hits Terence.
Terence is lightly wounded.
An adder comes into view.
A worm comes into view.
Terence attacks as he pursues you! Terence closely misses you.
The worm moves out of view.
There is a stone staircase leading up here.
You climb upwards.
There is a stone staircase leading down here.
You start resting.
Magic restored.
You climb downwards.
Level annotation: Terence Terence closely misses you.
Terence hits you with a +0 flail.
There is a stone staircase leading up here.
Terence hits you with a +0 flail.
You climb upwards.
There is a stone staircase leading down here.
Aiming: Sandblast (safe; 2% risk of failure)
Press: ? - help, Q - select action, (/) - cycle Shift-Dir - straight line, f - Terence
Aim: Terence, wielding a +0 flail and wearing a +0 scale mail (lightly wounded, 84% to hit)
The blast of sand hits Terence!
Terence is heavily wounded.
Terence hits you with a +0 flail.
Aiming: Sandblast (safe; 2% risk of failure)
Press: ? - help, Q - select action, (/) - cycle Shift-Dir - straight line, f/p - Terence
Aim: Terence, wielding a +0 flail and wearing a +0 scale mail (heavily wounded, 84% to hit)
The blast of sand misses Terence.
Terence hits you with a +0 flail!
Ouch! That really hurt!
You die...

#...##.# #.# ###
##...##'###.###.#
#...........#.).#
#...........#.#.#
#...........#.#.#
#...........#.#+##
#................#######
#######)@........'......
#@†........#######
#####†..#### #.÷..
###..### #÷÷.<
##########...###÷..÷
#.............##÷.÷#
#.............##..÷#
#..............#...#
#............#.#...>
#............#.##÷##


You could see Terence.

Vanquished Creatures
  A worm (D:1)
  A giant cockroach (D:1)
  A hobgoblin (D:1)
  7 jackals
  A kobold (D:1)
  2 bats (D:1)
  3 frilled lizards (D:1)
  2 goblins (D:1)
  3 rats (D:1)
21 creatures vanquished.

Notes
Turn   | Place    | Note
-------+----------+-------------------------------------------
     0 | D:1      | wvc the Gargoyle Earth Elementalist began the quest for the
                  | Orb.
     0 | D:1      | Reached XP level 1. HP: 10/10 MP: 3/3
   136 | D:1      | Reached skill level 4 in Earth Magic
   197 | D:1      | Reached XP level 2. HP: 15/15 MP: 1/5
   445 | D:1      | Got a moldy book
   660 | D:1      | Reached XP level 3. HP: 11/19 MP: 1/6
   706 | D:2      | Noticed Terence
   732 | D:1      | Slain by Terence

Illustrated notes

Levels and vault maps discovered:
D:1:      heliophobic_arrival_battle_scene, layout_basic
D:2:      layout_basic, minmay_misc_feat_square, minmay_crystal_room,
          kennysheep_decorative_pillar, uniq_terence

Skill      XL: |  1 |
---------------+----+-----
Earth Magic    | 4 |  4.8
Dodging        | |  1.5
Stealth        | |  2.1
Spellcasting   | |  2.2
Transmutations | |  0.7

Action                     || total
---------------------------++-------
  Melee: Dagger            ||     4
   Cast: Sandblast         ||    29
 Armour: Robe              ||    16
  Dodge: Dodged            ||    17

Table legend: (Time is in decaauts)
 A = Elapsed time spent in this place.
 B = Non-inter-level travel time spent in this place.
 C = Inter-level travel time spent in this place.
 D = Time resting spent in this place.
 E = Time spent auto-exploring this place.
 F = Levels seen in this place.
 G = Mean time per level.
                   A        B        C        D        E       F      G
               +--------+--------+--------+--------+--------+-----+--------+
         Total |    748 |    737 |     11 |     57 |    530 |   2 |  374.0 |
       Dungeon |    748 |    737 |     11 |     57 |    530 |   2 |  374.0 |
               +--------+--------+--------+--------+--------+-----+--------+

Top non-repeatable levels by time:
     D:1: 714 daAuts
     D:2: 34 daAuts
